 Dungeon Crawl Stone Soup version 0.20.1-1-g8b1a95d (webtiles) character file.

212 karf the Poker (level 5, -1/42 HPs)
             Began as a Merfolk Gladiator on Oct 30, 2017.
             Killed from afar by an orc wizard (9 damage)
             ... with a puff of frost
             ... on level 4 of the Dungeon.
             The game lasted 00:07:51 (2830 turns).

karf the Poker (Merfolk Gladiator)                  Turns: 2830, Time: 00:07:52

Health: -1/42      AC:  4    Str: 14    XL:     5   Next: 89%
Magic:  5/5        EV: 14    Int:  7    God:
Gold:   207        SH:  0    Dex: 17    Spells: 4/4 levels left

rFire    . . .     SeeInvis .   a - +0 trident
rCold    . . .     Gourm    .   (no shield)
rNeg     . . .     Faith    .   b - +0 leather armour
rPois    .         Spirit   .   c - +0 helmet
rElec    .         Reflect  .   (no cloak)
rCorr    .         Harm     .   (no gloves)
MR       .....                  (no boots)
Stlth    +.........             (no amulet)
Regen    0.2/turn               (no ring)
MPRegen  0.1/turn               (no ring)

@: heavily drained
A: change form in water, swift swim, stealthy swim
a: no special abilities


You were on level 4 of the Dungeon.
You were not hungry.

You visited 1 branch of the dungeon, and saw 4 of its levels.

You collected 207 gold pieces.

Inventory:

Hand Weapons
 a - a +0 trident (weapon)
Missiles
 d - 3 throwing nets (quivered)
Armour
 b - a +0 leather armour (worn)
 c - a +0 helmet (worn)
Jewellery
 n - an uncursed amulet of faith {unknown}
 q - an uncursed ring of protection from magic {unknown}
Scrolls
 e - 2 scrolls of remove curse {unknown}
 h - 5 scrolls of teleportation {unknown}
 i - 4 scrolls of identify {unknown}
 m - a scroll of enchant armour {unknown}
 o - a scroll of fog {unknown}
 r - a scroll of magic mapping {unknown}
 s - a scroll of noise {unknown}
Potions
 g - a potion of might {unknown}
 j - 2 potions of curing
 l - a potion of berserk rage {unknown}
 p - a potion of flight {unknown}
Comestibles
 f - 2 bread rations
 k - 2 meat rations


   Skills:
 + Level 3.7(2.5) Fighting
 * Level 6.6(5.3) Polearms
 - Level 2.0(0.8) Throwing
 * Level 5.9(4.7) Dodging


You had 4 spell levels left.
You didn't know any spells.

Dungeon Overview and Level Annotations

Branches:
Dungeon (4/15)
 Temple: D:4-7

Altars:
Hepliaklqana
Kikubaaqudgha
Trog
Vehumet
Zin
The Shining One

Annotations:
D:4 exclusion: door, Sigmund


Message History

You hit the orc wizard.
The orc wizard is severely wounded.
The orc wizard points at you and mumbles some strange words.
The puff of flame misses you. The orc wizard misses you.
The orc barely misses you. The orc hits you but does no damage.
The orc wizard hits you but does no damage.
You hit the orc wizard.
The orc wizard is almost dead.
The orc wizard casts a spell.
The orc wizard blinks!
The orc wizard casts a spell.
The orc wizard flickers and vanishes!
Deactivating autopickup; reactivate with Ctrl-A.
The orc hits you with a club.
* * * LOW HITPOINT WARNING * * *
You barely miss something.
You hear some strange, mumbled words.
A puff of frost appears from out of thin air!
The puff of frost hits you!
You die...

##########
#........##############
#........#............#
#........#@...........#
#..[†...o{o...........#
#....o...#............#
#........#'#########.##
########...........###
#)..........#
#....'...........#
#oo..#...........#
#.o..#...........#


You could see an orc wizard and 2 orcs.

Vanquished Creatures
  A crimson imp (D:3)
  A quasit (D:3)
  3 gnolls (D:3)
  3 adders
  An ooze (D:1)
  2 worms (D:3)
  A dart slug (D:2)
  2 orcs
  4 giant cockroaches
  11 goblins
  15 hobgoblins
  7 jackals
  4 kobolds
  2 quokkas
  5 bats (D:1)
  4 frilled lizards
  6 rats
72 creatures vanquished.

Notes
Turn   | Place    | Note
-------+----------+-------------------------------------------
     0 | D:1      | karf the Merfolk Gladiator began the quest for the Orb.
     0 | D:1      | Reached XP level 1. HP: 16/16 MP: 1/1
   271 | D:1      | Reached XP level 2. HP: 23/23 MP: 2/2
   342 | D:1      | Reached skill level 5 in Polearms
   685 | D:1      | Reached XP level 3. HP: 24/28 MP: 3/3
   979 | D:2      | Found a glowing golden altar of the Shining One.
   979 | D:2      | Found an ancient bone altar of Kikubaaqudgha.
   979 | D:2      | Found a hazy altar of Hepliaklqana.
   979 | D:2      | Found a glowing silver altar of Zin.
   988 | D:2      | Found a bloodstained altar of Trog.
   988 | D:2      | Found a radiant altar of Vehumet.
  1550 | D:2      | Reached XP level 4. HP: 32/35 MP: 4/4
  2012 | D:3      | Reached skill level 6 in Polearms
  2012 | D:3      | Reached skill level 5 in Dodging
  2012 | D:3      | Reached XP level 5. HP: 37/41 MP: 5/5
  2622 | D:4      | Noticed Sigmund
  2830 | D:4      | Killed from afar by an orc wizard

Skill      XL: |  1  2  3  4 |
---------------+-------------+-----
Polearms       | 5 6 |  6.6
Fighting       | 3 |  3.7
Dodging        | 5 |  5.9
Throwing       | |  2.0

Action                   |  1- 3 |  4- 6 || total
-------------------------+-------+-------++-------
Melee: Trident           |   110 |   128 ||   238
       Tailslap          |       |     1 ||     1
  Use: Potion            |       |     1 ||     1
 Stab: Sleeping          |     3 |     2 ||     5
  Eat: Chunk             |     2 |     4 ||     6
Armor: Leather armour    |    23 |    26 ||    49
Dodge: Dodged            |    70 |    71 ||   141
